 Seeded DCSS version 0.30-a0-1075-gcd70e7a56d (webtiles) character file.

Game seed: 14068233919944911258 (custom seed)

75334 bmack86 the Severer (level 15, -1/136 HPs)
             Began as a Minotaur Fighter on Apr 14, 2023.
             Was a High Priest of Okawaru.
             Slain by a titanic slime creature (85 damage)
             ... on level 15 of the Dungeon on Apr 15, 2023.
             The game lasted 00:55:38 (17740 turns).

bmack86 the Severer (Minotaur Fighter)             Turns: 17740, Time: 00:55:39

Health: -1/136     AC: 36    Str: 27    XL:     15   Next: 9%
Magic:  21/21      EV:  7    Int:  5    God:    Okawaru [*****.]
Gold:   977        SH: 12    Dex: 11    Spells: 14/14 levels left

rFire   . . .      SeeInvis +    p - +7 broad axe (flame)
rCold   . . .      Faith    .    G - +0 kite shield
rNeg    . . .      Spirit   .    L - +4 plate armour {rPois}
rPois   +          Reflect  .    O - +2 hat
rElec   .          Rampage  +    i - +2 cloak
rCorr   .                        m - +1 pair of gloves
Will    +....                    E - +1 pair of boots {rampage} Stlth
                                 s - amulet of regeneration
HPRegen 1.22/turn                F - +4 ring of protection
MPRegen 0.17/turn                a - ring "Vasuev" {rPois SInv}

@: studying Armour
A: horns 2, retaliatory headbutt
a: Renounce Religion, Heroism, Finesse, Duel


You were on level 15 of the Dungeon.
You worshipped Okawaru.
Okawaru was extremely pleased with you.
You visited 3 branches of the dungeon, and saw 21 of its levels.
You visited 1 bazaar.
You also visited: Bailey.

You collected 2870 gold pieces.
You spent 1893 gold pieces at shops.

Inventory:

Hand Weapons
 p - a +7 broad axe of flaming (weapon)
 r - a +0 broad axe
 S - the +6 broad axe of the Penguin {spect, rElec rC+ Int+3}
   (You bought it in a shop on level 1 of the Dungeon)

   Int:       It affects your intelligence (+3).
   rC:        It protects you from cold.
   rElec:     It insulates you from electricity.
Missiles
 b - 3 throwing nets
 v - 28 poisoned darts
 y - 11 javelins
 D - 13 boomerangs (quivered)
 V - a silver boomerang
Armour
 c - a +0 tower shield
 i - a +2 cloak (worn)
 m - a +1 pair of gloves (worn)
 E - a +1 pair of boots of rampaging (worn)
 G - a +0 kite shield (worn)
 L - a +4 plate armour of poison resistance (worn)
 O - a +2 hat (worn)
Jewellery
 a - the ring "Vasuev" (right hand) {rPois SInv}
   (You found it on level 1 of the Lair of Beasts)

   [ring of see invisible]

   rPois:     It protects you from poison.
   SInv:      It lets you see invisible.
 s - an amulet of regeneration (around neck)
 B - an amulet of faith
 F - a +4 ring of protection (left hand)
 N - a +6 ring of dexterity
 P - a +6 ring of intelligence
 Q - an amulet of magic regeneration
 T - an amulet of reflection
 U - a ring of resist corrosion
 W - a +6 ring of strength
Wands
 o - a wand of mindburst (12)
 q - a wand of iceblast (24)
 C - a wand of flame (48)
 R - a wand of acid (1)
Scrolls
 j - 10 scrolls of teleportation
 n - 2 scrolls of amnesia
 u - 3 scrolls of fog
 w - 2 scrolls of vulnerability
 A - 2 scrolls of magic mapping
 I - a scroll of blinking
 J - 2 scrolls of poison
 K - 3 scrolls of fear
 M - 4 scrolls of identify
Potions
 d - 3 potions of might
 e - 4 potions of heal wounds
 f - 7 potions of ambrosia
 g - 10 potions of curing
 h - 2 potions of berserk rage
 k - 8 potions of flight
 l - 2 potions of resistance
 t - 4 potions of brilliance
 x - 5 potions of haste
 z - 3 potions of invisibility
 H - 3 potions of cancellation


   Skills:
 + Level 13.2 Fighting
 * Level 17.5 Axes
 - Level 10.0 Throwing
 + Level 16.1 Armour
 + Level 13.2 Shields
 + Level 10.1 Invocations


You had 14 spell levels left.
You didn't know any spells.
Your spell library contained the following spells:

 Spells                   Type           Power      Damage    Failure   Level
 Freeze                   Ice            0%         1d3       99%         1
 Necrotise                Necr           0%         1d4       99%         1
 Sandblast                Erth           0%         2d4       99%         1
 Shock                    Conj/Air       0%         1d3       99%         1
 Slow                     Hex            0%         N/A       99%         1
 Sting                    Tmut/Pois      0%         1d3       99%         1
 Cigotuvi's Dreadful Rot  Necr/Pois/Air  0%         N/A       100%        2
 Lesser Beckoning         Tloc           0%         N/A       100%        2
 Passwall                 Tmut/Erth      0%         N/A       100%        2
 Poisonous Vapours        Pois/Air       0%         N/A       100%        2
 Scorch                   Fire           0%         2d5       100%        2
 Confusing Touch          Hex            0%         N/A       100%        3
 Dazzling Flash           Conj/Hex       0%         N/A       100%        3
 Frozen Ramparts          Ice            0%         1d1       100%        3
 Gell's Gravitas          Tloc           0%         N/A       100%        3
 Hailstorm                Conj/Ice       0%         3d3       100%        3
 Ignite Poison            Fire/Tmut/Pois 0%         N/A       100%        3
 Portal Projectile        Hex/Tloc       0%         N/A       100%        3
 Stone Arrow              Conj/Erth      0%         3d7       100%        3
 Swiftness                Air            0%         N/A       100%        3
 Teleport Other           Tloc           0%         N/A       100%        3
 Vampiric Draining        Necr           0%         2d6       100%        3
 Airstrike                Air            0%         2d(0-16)  100%        4
 Flame Wave               Conj/Fire      0%         2d4       100%        4
 Leda's Liquefaction      Hex/Erth       0%         N/A       100%        4
 Olgreb's Toxic Radiance  Pois           0%         N/A       100%        4
 Agony                    Necr           0%         N/A       100%        5
 Blade Hands              Tmut           0%         N/A       100%        5
 Freezing Cloud           Conj/Ice/Air   0%         6-21      100%        5
 Silence                  Hex/Air        0%         N/A       100%        5
 Iron Shot                Conj/Erth      0%         9d1       100%        6
 Borgnjor's Revivificati  Necr           0%         N/A       100%        8
 Discord                  Hex            0%         N/A       100%        8
 Ignition                 Fire           0%         3d3       100%        8
 Necromutation            Tmut/Necr      0%         N/A       100%        8
 Death's Door             Necr           0%         N/A       100%        9
 Call Canine Familiar     Summ           Unusable   N/A       N/A         3
 Animate Armour           Summ/Erth      Unusable   N/A       N/A         4
 Summon Cactus Giant      Summ           Unusable   N/A       N/A         6

Dungeon Overview and Level Annotations

Branches:
Dungeon (15/15)            Temple (1/1) D:5            Lair (5/5) D:8
 Shoals (0/4) Lair:3       Spider (0/4) Lair:3        Slime (0/5) Lair:4
    Orc (0/2) D:9          Depths (0/4) D:15         Bailey (visited)
 Vaults: D:13-14

Altars:
Ashenzari
Cheibriados
Dithmenos
Elyvilon
Fedhas
Gozag
Hepliaklqana
Kikubaaqudgha
Makhleb
Nemelex Xobeh
Okawaru
Qazlal
Ru
Sif Muna
Trog
Uskayaw
Vehumet
Wu Jian
Xom
Yredelemnul
Zin
The Shining One
Jiyva

Shops:
D:1 *(!   D:5 (   D:9 *   D:12 ?   D:15 (

Portals:
Hell: Lair:5


Innate Abilities, Weirdness & Mutations

You have a pair of horns on your head.
You reflexively headbutt those who attack you in melee.


Message History

A slime creature comes into view.
The slime creature quivers. x2
You slice the very large slime creature!!
You burn the very large slime creature!
You headbutt the very large slime creature!
The very large slime creature is moderately wounded.
Two slime creatures merge to form an enormous slime creature.
You slash the enormous slime creature! You burn the enormous slime creature.
The enormous slime creature is moderately wounded.
You slice the enormous slime creature!! You burn the enormous slime creature!
You headbutt the enormous slime creature.
The enormous slime creature is heavily wounded.
The enormous slime creature hits you!
Two slime creatures merge to form a titanic slime creature.
Unknown command.
You hit the titanic slime creature. You burn the titanic slime creature.
You headbutt the titanic slime creature!
The titanic slime creature is heavily wounded.
A slime creature comes into view.
You slash the titanic slime creature! You burn the titanic slime creature.
The titanic slime creature is heavily wounded.
Unknown command.
You barely miss the titanic slime creature.
Your headbutt misses the titanic slime creature.
The titanic slime creature is heavily wounded.
You block the titanic slime creature's attack.
Unknown command.
You slash the titanic slime creature! You burn the titanic slime creature.
You headbutt the titanic slime creature!
The titanic slime creature is heavily wounded.
The titanic slime creature hits you!!!
You slash the titanic slime creature! You burn the titanic slime creature.
The titanic slime creature is severely wounded.
Unknown command.
You slash the titanic slime creature! You burn the titanic slime creature.
You headbutt the titanic slime creature!
The titanic slime creature is severely wounded.
The titanic slime creature hits you!!!!
Ouch! That really hurt!
You die...

### *,..,,,,**
≈~#######*,..,,,,*
.~#.....#**.#*****
.~##.##.# *.#
.....##.###.######*
.~#...............***
.≈#####.#..#####*,,,*
~≈#*###.##..#######.#
###.............@JJ.#
.,,.##.[##########..#
##***##.#,,,,,,,,*,.#
#.#,,,,,,,,+,,#
#.#,,,,,,,,*,,*
*,*,,,,,,,,*,,*
*,*,,,,,,,,*,,*
*,*,,,,,,,,*,,*
*,+,,,,,,,,*,,*


You could see a titanic slime creature and a slime creature.

Vanquished Creatures
  Jorgrun (D:13)
  The ghost of Konis the Warrior, a journeyman MiBe of Trog (D:12)
  5 hydras
  Erica (D:8)
  4 boulder beetles
  An ogre mage (D:15)
  5 two-headed ogres
  A death knight (D:15)
  A tengu warrior (D:11)
  2 death yaks
  Urug (D:12)
  A sun demon (Lair:5)
  Sonja (Lair:2)
  4 lindwurms
  A wizard (Lair:5)
  5 orc knights
  2 deep elf pyromancers
  14 ugly things
  2 cyclopes (D:12)
  An orc sorcerer (D:15)
  4 manticores
  22 elephants
  6 black mambas
  Maggie (D:8)
  2 gargoyles
  2 orange demons (Lair:5)
  2 torpor snails
  9 cane toads
  3 kobold demonologists
  An unseen horror (D:12)
  A freezing wraith (D:15)
  9 komodo dragons
  3 ice devils (Lair:5)
  7 rime drakes
  A wind drake (Lair:3)
  2 trolls
  A wolf spider simulacrum (D:15)
  A hornet (D:7)
  6 polar bears
  A hellwing (Lair:5)
  15 blink frogs
  6 slime creatures
  2 shadows
  A vampire (D:13)
  10 wyverns
  2 wraiths
  6 basilisks
  3 steam dragons
  48 yaks
  3 wargs (D:15)
  3 redbacks (Lair:3)
  3 vampire mosquitoes (D:12)
  5 hell hounds (Lair:5)
  14 water moccasins
  14 orc warriors
  3 ice beasts
  A black bear (D:6)
  A centaur (D:7)
  3 ogres (D:15)
  5 boggarts (D:15)
  4 wolves (Lair:5)
  A phantom (D:5)
  A kobold brigand (D:6)
  2 scorpions
  12 bullfrogs
  3 gnoll sergeants
  15 killer bees
  2 howler monkeys
  5 electric eels
  4 hounds
  9 jellies
  3 orc priests
  4 gnoll boudas
  10 hell rats
  Ijyb (D:5)
  4 iguanas
  12 orc wizards
  32 gnolls
  11 adders
  9 river rats (Lair:3)
  A shadow imp (D:5)
  5 white imps
  2 ufetubi
  A worm (D:2)
  A dart slug (D:1)
  36 orcs
  25 endoplasms
  3 giant cockroaches
  10 hobgoblins
  4 jackals (D:3)
  16 kobolds
  6 ball pythons
  9 bats
  4 frilled lizards
  11 goblins
  8 rats
572 creatures vanquished.

Vanquished Creatures (others)
  An orc (D:6)
  29 fungi
  28 plants
58 creatures vanquished.

Grand Total: 630 creatures vanquished

Notes
Turn   | Place    | Note
-------+----------+-------------------------------------------
     0 | D:1      | bmack86 the Minotaur Fighter began the quest for the Orb.
     0 | D:1      | Reached XP level 1. HP: 19/19 MP: 0/0
    80 | D:1      | Found Anext's Distillery.
   104 | D:1      | Found Jadisuod's Antique Weapon Shoppe.
   123 | D:1      | Reached XP level 2. HP: 27/27 MP: 1/1
   322 | D:1      | Reached skill level 3 in Axes
   378 | D:1      | Found a faded altar of an unknown god.
   510 | D:1      | Found Aghiriun's General Store.
   809 | D:2      | Reached XP level 3. HP: 33/33 MP: 2/2
  1038 | D:1      | Bought a runed broad axe for 154 gold pieces
  1125 | D:2      | Reached XP level 4. HP: 40/40 MP: 3/3
  1298 | D:3      | Reached skill level 4 in Axes
  1601 | D:3      | Reached XP level 5. HP: 47/47 MP: 4/4
  1652 | D:3      | Identified the +8 long sword of Action {vamp, rPois Str+2
                  | Stlth-}
  1682 | D:3      | Found a burning altar of Makhleb.
  2195 | D:4      | Reached skill level 5 in Axes
  2195 | D:4      | Reached XP level 6. HP: 52/55 MP: 5/5
  2196 | D:4      | Reached skill level 1 in Throwing
  2434 | D:4      | Found a bloodstained altar of Trog.
  2516 | D:4      | Reached skill level 5 in Fighting
  2599 | D:4      | Reached skill level 5 in Armour
  2606 | D:4      | Reached skill level 5 in Shields
  3048 | D:4      | Found an ancient bone altar of Kikubaaqudgha.
  3079 | D:5      | Entered Level 5 of the Dungeon
  3098 | D:5      | Found a sparkling altar of Nemelex Xobeh.
  3109 | D:5      | Noticed Ijyb
  3116 | D:5      | Killed Ijyb
  3117 | D:5      | Reached XP level 7. HP: 52/61 MP: 6/6
  3192 | D:5      | Found a staircase to the Ecumenical Temple.
  3195 | D:5      | Reached skill level 6 in Axes
  3199 | Temple   | Entered the Ecumenical Temple
  3209 | Temple   | Became a worshipper of Warmaster Okawaru
  3371 | D:5      | Identified the +5 robe of Lugonu's Displeasure {Rampage
                  | rF+++ rC+ Will-}
  3640 | D:5      | Reached skill level 1 in Invocations
  3645 | D:5      | Found Naufauwn's Weapon Emporium.
  3760 | D:5      | Reached * piety under Okawaru
  3959 | D:5      | Found a shadowy altar of Dithmenos.
  4230 | D:6      | Identified the +9 spear "Usus" {drain, *Rage Will- MP+9
                  | SInv}
  4252 | D:6      | Found a glowing golden altar of the Shining One.
  4272 | D:6      | Noticed a steam dragon
  4283 | D:6      | Killed a steam dragon
  4284 | D:6      | Reached skill level 7 in Axes
  4284 | D:6      | Reached XP level 8. HP: 52/70 MP: 8/8
  4739 | D:6      | Reached ** piety under Okawaru
  5105 | D:7      | Noticed a hornet
  5114 | D:7      | Killed a hornet
  5115 | D:7      | Reached skill level 8 in Axes
  5184 | D:7      | Reached XP level 9. HP: 57/78 MP: 8/10
  5914 | D:8      | Found a transporter.
  5915 | D:8      | Found a transporter.
  5915 | D:8      | Noticed a boulder beetle
  5946 | D:8      | Killed a boulder beetle
  5946 | D:8      | Reached *** piety under Okawaru
  5946 | D:8      | Reached **** piety under Okawaru
  5947 | D:8      | Reached skill level 9 in Axes
  6045 | D:8      | Reached skill level 10 in Axes
  6045 | D:8      | Reached XP level 10. HP: 49/88 MP: 10/12
  6051 | D:8      | Reached skill level 5 in Throwing
  6074 | D:8      | Found a staircase to the Lair.
  6306 | D:8      | Identified a scroll of acquirement
  6306 | D:8      | Acquired a +1 plate armour of poison resistance
  6331 | D:8      | Noticed Erica
  6341 | D:8      | Killed Erica
  6341 | D:8      | Reached ***** piety under Okawaru
  6583 | D:8      | Noticed Maggie
  6593 | D:8      | Killed Maggie
  6593 | D:8      | Received a gift from Okawaru
  6668 | D:8      | Reached skill level 5 in Invocations
  6978 | D:8      | Received a gift from Okawaru
  7531 | D:9      | Received a gift from Okawaru
  7557 | D:9      | Found a flagged portal.
  7571 | D:9      | Found a staircase to the Orcish Mines.
  7572 | D:9      | Found an opulent altar of Gozag.
  7574 | D:9      | Found Gozag's Platinum Reserve.
  7577 | Bailey   | Entered a bailey
  7606 | Bailey   | Reached skill level 11 in Axes
  7839 | Bailey   | Noticed an orc knight
  7849 | Bailey   | Killed an orc knight
  8033 | Bailey   | Reached XP level 11. HP: 93/95 MP: 14/14
  8152 | Bailey   | Found an iron altar of Okawaru.
  8688 | D:9      | Acquired a manual of Armour
  8908 | D:10     | Entered Level 10 of the Dungeon
  9633 | D:11     | Noticed a tengu warrior
  9640 | D:11     | Killed a tengu warrior
  9641 | D:11     | Reached skill level 12 in Axes
  9829 | D:11     | Noticed a two-headed ogre
  9835 | D:11     | Killed a two-headed ogre
  9932 | D:11     | Received a gift from Okawaru
 10289 | D:12     | Noticed a boulder beetle
 10293 | D:12     | Noticed a two-headed ogre
 10324 | D:11     | Killed a boulder beetle
 10325 | D:11     | Reached skill level 10 in Armour
 10477 | D:11     | Killed a two-headed ogre
 10477 | D:11     | Received a gift from Okawaru
 10493 | D:12     | Reached ****** piety under Okawaru
 10577 | D:12     | Noticed a boulder beetle
 10590 | D:12     | Killed a boulder beetle
 10594 | D:12     | Acquired 1026 gold pieces
 10834 | D:1      | Bought a scroll of identify for 20 gold pieces
 10834 | D:1      | Bought the +6 broad axe of the Penguin {spect, rElec rC+
                  | Int+3} for 673 gold pieces
 10834 | D:1      | Bought a scroll of identify for 20 gold pieces
 10834 | D:1      | Bought a potion of curing for 30 gold pieces
 10834 | D:1      | Bought a scroll of identify for 20 gold pieces
 10871 | D:1      | Bought a potion of curing for 39 gold pieces
 10871 | D:1      | Bought a potion of curing for 39 gold pieces
 10871 | D:1      | Bought a potion of curing for 39 gold pieces
 10871 | D:1      | Bought a potion of haste for 130 gold pieces
 10871 | D:1      | Bought a potion of curing for 39 gold pieces
 11020 | Lair:1   | Entered Level 1 of the Lair of Beasts
 11090 | Lair:1   | Reached skill level 13 in Axes
 11090 | Lair:1   | Reached XP level 12. HP: 106/106 MP: 16/16
 11209 | Lair:1   | Received a gift from Okawaru
 11210 | Lair:1   | Reached skill level 10 in Shields
 11215 | Lair:1   | Reached skill level 10 in Fighting
 11632 | Lair:1   | Identified the ring "Vasuev" {rPois SInv}
 12102 | Lair:2   | Noticed Sonja
 12111 | Lair:2   | Killed Sonja
 12132 | Lair:2   | Noticed an eight-headed hydra
 12138 | Lair:2   | Killed a six-headed hydra
 12509 | Lair:2   | Reached skill level 14 in Axes
 13023 | Lair:3   | Acquired 593 gold pieces
 13045 | Lair:3   | Found a hole to the Spider Nest.
 13199 | Lair:3   | Identified the +1 war axe of Radicalism {venom, rN+++}
                  | (Okawaru gifted it to you on level 3 of the Lair of Beasts)
 13199 | Lair:3   | Received a gift from Okawaru
 13203 | Lair:3   | Reached XP level 13. HP: 112/116 MP: 17/17
 13635 | Lair:3   | Found a staircase to the Shoals.
 14198 | Lair:4   | Found a staircase to the Slime Pits.
 14200 | Lair:4   | Found a viscous altar of Jiyva.
 14248 | Lair:4   | Received a gift from Okawaru
 14459 | Lair:4   | Reached skill level 15 in Axes
 14459 | Lair:4   | Received a gift from Okawaru
 14569 | Lair:5   | Entered Level 5 of the Lair of Beasts
 14575 | Lair:5   | Identified the +10 ring mail of Lifelessness {rN+ MP-9
                  | Int+2 Dex+2} (Okawaru gifted it to you on level 5 of the
                  | Lair of Beasts)
 14575 | Lair:5   | Received a gift from Okawaru
 14962 | Lair:5   | Reached XP level 14. HP: 126/126 MP: 11/19
 14968 | Lair:5   | Reached skill level 16 in Axes
 14971 | Lair:5   | Received a gift from Okawaru
 15477 | Lair:5   | Found a burning altar of Makhleb.
 15703 | Lair:5   | Found a gateway to Hell.
 16281 | D:12     | Found a runed translucent door.
 16284 | D:12     | Noticed Konis's ghost (journeyman MiBe)
 16298 | D:12     | Killed Konis's ghost
 16298 | D:12     | Identified the +8 hand axe "Ceejainu" {speed, +Blink Int+4}
                  | (Okawaru gifted it to you on level 12 of the Dungeon)
 16298 | D:12     | Received a gift from Okawaru
 16308 | D:12     | Reached skill level 15 in Armour
 16349 | D:12     | Noticed Urug
 16362 | D:12     | Killed Urug
 16407 | D:12     | Found The Oracle's Delphic Readings.
 16450 | D:12     | Bought a scroll of enchant armour for 105 gold pieces
 16739 | D:13     | Noticed Jorgrun
 16763 | D:13     | Killed Jorgrun
 17062 | D:13     | You fall into a shaft and drop 2 floors!
 17062 | D:15     | Entered Level 15 of the Dungeon
 17213 | D:14     | Reached skill level 10 in Throwing
 17213 | D:14     | Received a gift from Okawaru
 17273 | D:15     | Reached skill level 17 in Axes
 17352 | D:15     | Received a gift from Okawaru
 17386 | D:15     | Found Meolue's Antique Weapon Shoppe.
 17444 | D:15     | Found a flickering gateway to a bazaar.
 17453 | Bazaar   | Entered a bazaar
 17453 | Bazaar   | Found Heobuig's Antique Armour Shop.
 17469 | Bazaar   | Found Koul's Antique Weapon Shop.
 17501 | Bazaar   | Found Qorr's General Store.
 17512 | Bazaar   | Bought a scroll of teleportation for 45 gold pieces
 17512 | Bazaar   | Bought a +6 ring of strength for 540 gold pieces
 17546 | D:15     | Received a gift from Okawaru
 17580 | D:15     | Paralysed by an ogre mage for 5 turns
 17598 | D:15     | Reached skill level 10 in Invocations
 17605 | D:15     | Reached XP level 15. HP: 121/135 MP: 21/21
 17740 | D:15     | Slain by a titanic slime creature

Illustrated notes

Levels and vault maps discovered:
D:1:      saegor_arrival_fortress, layout_basic,
          shapermc_ecumenical_altar_ellora, serial_shops,
          nicolae_shop_advertising_works [nicolae_subvault_shop_adworks], shop,
          shop, minivault_19
D:2:      layout_rooms
D:3:      wander_river, layout_loops_cross, lightli_temple_of_fire
D:4:      minmay_chambers_of_threes, layout_gridville,
          mainiacjoe_overflow_swirl, dreamdust_princess_bridge
D:5:      layout_rooms, mainiacjoe_overflow_alcove_4,
          mainiacjoe_overflow_boulevard, minmay_temple_entry_hall, serial_shops,
          nicolae_shop_statue_plus, uniq_ijyb
D:6:      layout_basic, kennysheep_mini_moat
D:7:      layout_cave_pods
D:8:      gammafunk_boulding_lane, layout_basic, minmay_lair_entry_grove,
          uniq_maggie, uniq_erica
D:9:      layout_basic, nicolae_gozag_zags_fifth_avenue, orc_0_dummy,
          enter_bailey_2
D:10:     layout_roguey
D:11:     lemuel_slime, layout_long_grid
D:12:     layout_rooms, ebering_ghost_inner_flame, nicolae_nh_oracle_at_delphi,
          uniq_urug
D:13:     layout_stronghold, uniq_jorgrun
D:14:     layout_basic, david_vaults_5, hangedman_decor_riveting,
          item_on_display_a
D:15:     hangedman_depths_entry_try_elsewhere_first, layout_loops_cross,
          serial_shops, bzr_entry_road, nicolae_lakefront_shop,
          nicolae_shop_overgrown_old_shop, serial_ice, serial_ice_d,
          serial_ice_n, serial_ice_c, serial_ice_m, serial_ice_h, serial_ice_f,
          nemelex_diamond_rough_becter, minivault_25, hex_tiny
Temple:   nicolae_temple_no_exploring_needed
Lair:1:   layout_regular_city
Lair:2:   layout_cave_pods, grunt_megastairs_2, uniq_sonja
Lair:3:   layout_misc_corridors, minmay_shoals_entry_beasts,
          spider_nest_entry_webs, kennysheep_abandoned_house,
          infiniplex_staircase_pool, uniq_prince_ribbit2
Lair:4:   layout_concentric_octagons, minmay_slime_entry_pillars, special_room
          [special_room_mythical_zoo], small_statue_intersection
Lair:5:   evil_forest, layout_small_grid, serial_bayou_shore_b

Skill      XL: |  1  2  3  4  5  6  7  8  9 10 11 12 13 14 15 |
---------------+----------------------------------------------+-----
Axes           | 3 4 5 7 8 10 11 13 14 15 17 | 17.5
Fighting       | 4 5 6 7 8 9 11 12 13 | 13.2
Armour         | 4 5 6 7 8 10 12 14 15 16 | 16.1
Shields        | 4 5 6 7 8 9 11 12 13 | 13.2
Throwing       | 1 2 3 4 6 7 8 9 10 | 10.0
Invocations    | 1 3 4 5 6 7 8 10 | 10.1

Action                     |  1- 3 |  4- 6 |  7- 9 | 10-12 | 13-15 || total
---------------------------+-------+-------+-------+-------+-------++-------
  Melee: War axe           |    57 |       |       |       |       ||    57
         Headbutt          |     4 |    15 |    42 |   100 |   117 ||   278
         Broad axe         |     8 |   101 |   177 |   448 |   539 ||  1273
  Throw: Boomerang         |       |     8 |       |    16 |    16 ||    40
 Invoke: Heroism           |       |       |     3 |     1 |     3 ||     7
         Finesse           |       |       |       |       |     3 ||     3
    Use: Scroll            |     1 |     1 |    10 |    25 |     6 ||    43
         Potion            |       |       |     2 |       |       ||     2
   Stab: Distracted        |       |       |       |     1 |     2 ||     3
 Armour: Scale mail        |    29 |       |       |       |       ||    29
         Plate armour      |    10 |    65 |   129 |   360 |   387 ||   951
         Chain mail        |     2 |       |       |       |       ||     2
  Dodge: Dodged            |    38 |    24 |    46 |    87 |   136 ||   331
  Block: Buckler           |    20 |    21 |     5 |       |       ||    46
         Kite shield       |       |       |   110 |   196 |   334 ||   640

Table legend: (Time is in decaauts)
 A = Elapsed time spent in this place.
 B = Non-inter-level travel time spent in this place.
 C = Inter-level travel time spent in this place.
 D = Time resting spent in this place.
 E = Time spent auto-exploring this place.
 F = Levels seen in this place.
 G = Mean time per level.
                   A        B        C        D        E       F      G
               +--------+--------+--------+--------+--------+-----+--------+
         Total |  17888 |  16709 |   1179 |   1065 |  10176 |  23 |  777.7 |
       Dungeon |  12011 |  11036 |    975 |    731 |   6737 |  15 |  800.7 |
        Temple |     20 |     20 |      0 |      0 |      0 |   1 |   20.0 |
          Lair |   4876 |   4673 |    203 |    131 |   3210 |   5 |  975.2 |
        Bazaar |     75 |     75 |      0 |      0 |      0 |   1 |   75.0 |
        Bailey |    903 |    903 |      0 |    203 |    229 |   1 |  903.0 |
               +--------+--------+--------+--------+--------+-----+--------+

Top non-repeatable levels by time:
     D:8: 1498 daAuts
  Lair:5: 1162 daAuts
     D:6: 1096 daAuts
  Lair:2: 1074 daAuts
     D:5: 1004 daAuts
     D:3: 990 daAuts
    D:10: 957 daAuts
     D:4: 946 daAuts
     D:1: 916 daAuts
    D:11: 906 daAuts
  Bailey: 903 daAuts
  Lair:1: 903 daAuts
  Lair:4: 872 daAuts
  Lair:3: 862 daAuts
     D:9: 839 daAuts
